 Dungeon Crawl Stone Soup version 0.30.1-3-gfc49f6343a (webtiles) character file.

Game seed: 14667302534576104923

1406 Staticcus the Cutter (level 8, -2/58 (61) HPs)
             Began as a Demonspawn Gladiator on July 19, 2023.
             Was a Follower of Kikubaaqudgha.
             Slain by a gnoll
             ... wielding a +0 flail
             ... led by a gnoll bouda
              (4 damage)
             ... on level 6 of the Dungeon.
             The game lasted 00:20:52 (5866 turns).

Staticcus the Cutter (Demonspawn Gladiator)         Turns: 5866, Time: 00:20:53

HP:   -2/58 (61)    AC: 10    Str: 16    XL:     8   Next: 42%
MP:   0/8           EV: 11    Int:  9    God:    Kikubaaqudgha [*.....]
Gold: 231           SH:  0    Dex: 16    Spells: 7/7 levels left

rFire   x . .        p - +4 quarterstaff (chaos)
rCold   + . .        (shield currently unavailable)
rNeg    . . .        k - +1 scale mail
rPois   .            (helmet restricted)
rElec   .            v - +0 cloak
rCorr   .            u - +0 pair of gloves
SInv    .            (no boots)
Will    .....        r - amulet of guardian spirit Stlth
                     C - ring of ice
HPRegen 0.29/turn    (no ring)
MPRegen 0.11/turn

%: guardian spirit
@: mighty, lightly drained
A: antennae 2, foul stench 3, powered by pain 1
a: Renounce Religion, Unearth Wretches


You were on level 6 of the Dungeon.
You worshipped Kikubaaqudgha.
Kikubaaqudgha was aware of your devotion.
You visited 1 branch of the dungeon, and saw 6 of its levels.

You collected 231 gold pieces.

Inventory:

Hand Weapons
 a - a +0 rapier of flaming
 l - a +1 spear of pain
 n - a +0 heavy hand axe
 o - a +2 dagger of venom
 p - a +4 quarterstaff of chaos (weapon)
 s - a +0 dagger of protection
Missiles
 d - 3 throwing nets (quivered)
 e - a javelin
Armour
 b - a +0 leather armour
 c - a +0 helmet
 h - a +2 robe of the Archmagi
 j - a +0 ring mail
 k - a +1 scale mail (worn)
 u - a +0 pair of gloves (worn)
 v - a +0 cloak (worn)
Jewellery
 r - an amulet of guardian spirit (around neck)
 z - a +5 ring of evasion
 C - a ring of ice (left hand)
Wands
 q - a wand of polymorph (10)
Scrolls
 m - a scroll of magic mapping
 t - a scroll of brand weapon
 w - a scroll of amnesia
 x - a scroll of teleportation
 y - a scroll of fog
Potions
 f - a potion of lignification
 A - a potion of magic
 B - a potion of ambrosia


   Skills:
 + Level 4.5 Fighting
 + Level 6.2 Short Blades
 + Level 1.6 Staves
 + Level 2.0 Throwing
 + Level 4.9 Armour
 + Level 4.1 Dodging
 + Level 1.2 Stealth
 + Level 0.2 Necromancy


You had 7 spell levels left.
You didn't know any spells.
Your spell library contained the following spells:

 Spells                   Type           Power      Damage    Failure   Level
 Necrotise                Necr           0%         1d4       77%         1
 Kiss of Death            Conj/Necr      0%         2d5       78%         1
 Apportation              Tloc           0%         N/A       80%         1
 Summon Small Mammal      Summ           0%         N/A       80%         1
 Sublimation of Blood     Necr           0%         N/A       88%         2
 Cigotuvi's Dreadful Rot  Necr/Pois/Air  0%         N/A       89%         2
 Blink                    Tloc           0%         N/A       90%         2
 Ozocubu's Armour         Ice            0%         N/A       99%         3
 Stone Arrow              Conj/Erth      0%         3d7       99%         3
 Summon Guardian Golem    Hex/Summ       0%         N/A       99%         3
 Animate Armour           Summ/Erth      0%         N/A       100%        4
 Manifold Assault         Tloc           0%         N/A       100%        4
 Metabolic Englaciation   Hex/Ice        0%         N/A       100%        5
 Simulacrum               Ice/Necr       0%         N/A       100%        6
 Orb of Destruction       Conj           0%         9d5       100%        7
 Spellforged Servitor     Conj/Summ      0%         N/A       100%        7
 Storm Form               Tmut/Air       0%         N/A       100%        7
 Lehudib's Crystal Spear  Conj/Erth      0%         10d2      100%        8


Dungeon Overview and Level Annotations

Branches:
Dungeon (6/15)             Temple (0/1) D:6

Altars:
Kikubaaqudgha
Makhleb
Uskayaw


Innate Abilities, Weirdness & Mutations

You have a pair of antennae on your head.
You frequently emit foul miasma when damaged in melee.
You sometimes gain a little power by taking damage.


Message History

Your attacks no longer feel as feeble.
The gnoll is no longer moving quickly.
The gnoll closely misses you.
The gnoll hits you but does no damage. x5
You sock the gnoll!
The gnoll seems to grow stronger.
The gnoll is heavily wounded.
The gnoll is no longer moving quickly.
The gnoll barely misses you. x3
The gnoll hits you with a +0 flail. The gnoll closely misses you.
The gnoll hits you with a +0 club.
You emit a cloud of foul miasma!
You hit the gnoll. You freeze the gnoll.
The gnoll is lightly wounded.
The gnoll is no longer moving quickly.
The gnoll hits you from afar with a +0 spear.
The gnoll closely misses you. The gnoll barely misses you.
The gnoll is engulfed in dark miasma.
The gnoll is poisoned.
The gnoll seems to slow down.
The gnoll hits you with a +0 club.
You completely miss the gnoll.
The gnoll is almost dead.
The gnoll is no longer moving slowly.
The gnoll stops moving altogether!
The gnoll is no longer moving quickly.
The gnoll closely misses you. The gnoll barely misses you.
The gnoll hits you with a +0 flail.
* * * LOW HITPOINT WARNING * * *
The gnoll hits you with a +0 whip.
* * * LOW HITPOINT WARNING * * *
The gnoll is engulfed in dark miasma.
The gnoll looks even sicker.
You kill the gnoll!
Kikubaaqudgha accepts your kill. The gnoll closely misses you.
Okay, then.
You feel very mighty all of a sudden. The gnoll misses you.
The gnoll hits you with a +0 flail!
* * * LOW HITPOINT WARNING * * *
The gnoll hits you but does no damage.
The gnoll hits you from afar with a +0 spear.
* * * LOW HITPOINT WARNING * * *
Okay, then.
You closely miss the gnoll.
The gnoll is lightly wounded.
The gnoll misses you. The gnoll hits you with a +0 flail.
You die...
Kikubaaqudgha rasps: "You have failed me!
Welcome... death!"

.........# $..........
#############.....(.....
.......##....#..........
.......##)...#.#.......#
.......###.....#..#.....
..................g.....
.........§.....g○gg.....
........§.....#†@#.##...
...#.....§....#..#..#..
...#.#......###))†......
...#..###..#...))..<....
...##.. ##..............
#####..#...##...##......
.....#####.## #.##..
.#... ### ... . .# ..
....


You could see 4 gnolls.

Vanquished Creatures
  Prince Ribbit (D:5)
  Grinder (D:6)
  A wyvern (D:5)
  3 scorpions
  4 wights (D:6)
  A howler monkey (D:4)
  An orc priest (D:4)
  3 hounds (D:5)
  A gnoll bouda (D:6)
  Crazy Yiuf (D:6)
  Jessica (D:2)
  2 iguanas
  An orc wizard (D:3)
  6 adders
  A gnoll (D:6)
  2 worms
  3 dart slugs (D:1)
  16 orcs
  17 ball pythons
  7 endoplasms
  4 giant cockroaches (D:1)
  9 goblins
  9 hobgoblins
  3 jackals (D:4)
  5 quokkas
  3 bats
  4 frilled lizards
  5 kobolds
  6 rats
121 creatures vanquished.

Vanquished Creatures (others)
  A ball python (D:6)
  A goblin (D:6)
  A frilled lizard (D:6)
3 creatures vanquished.

Grand Total: 124 creatures vanquished

Notes
Turn   | Place    | Note
-------+----------+-------------------------------------------
     0 | D:1      | Staticcus the Demonspawn Gladiator began the quest for the
                  | Orb.
     0 | D:1      | Reached XP level 1. HP: 16/16 MP: 1/1
    48 | D:1      | Gained mutation: You may rarely emit foul miasma when
                  | damaged in melee. [demonic ancestry]
    48 | D:1      | Reached XP level 2. HP: 22/22 MP: 2/2
   122 | D:1      | Reached skill level 3 in Short Blades
   409 | D:1      | Gained mutation: You sometimes emit foul miasma when
                  | damaged in melee. [demonic ancestry]
   409 | D:1      | Reached XP level 3. HP: 27/27 MP: 3/3
   923 | D:2      | Noticed Jessica
   935 | D:2      | Killed Jessica
   936 | D:2      | Reached skill level 1 in Armour
  1012 | D:2      | Gained mutation: You have a pair of small antennae on your
                  | head. [demonic ancestry]
  1012 | D:2      | Reached XP level 4. HP: 32/34 MP: 4/4
  1970 | D:3      | Found an ancient bone altar of Kikubaaqudgha.
  1979 | D:3      | Became a worshipper of Kikubaaqudgha
  2044 | D:3      | Reached skill level 4 in Short Blades
  2340 | D:3      | Gained mutation: You frequently emit foul miasma when
                  | damaged in melee. [demonic ancestry]
  2340 | D:3      | Reached XP level 5. HP: 36/39 MP: 5/5
  3074 | D:4      | Gained mutation: You have a pair of antennae on your head.
                  | [demonic ancestry]
  3074 | D:4      | Reached XP level 6. HP: 37/46 MP: 6/6
  3278 | D:4      | Reached * piety under Kikubaaqudgha
  3278 | D:4      | Received a gift from Kikubaaqudgha
  4348 | D:5      | Entered Level 5 of the Dungeon
  4348 | D:5      | Noticed a wyvern
  4354 | D:5      | Killed a wyvern
  4517 | D:5      | Found a hide-covered altar of Uskayaw.
  4647 | D:5      | Found a burning altar of Makhleb.
  4653 | D:5      | Gained mutation: You sometimes gain a little power by
                  | taking damage. [demonic ancestry]
  4653 | D:5      | Reached XP level 7. HP: 52/52 MP: 7/7
  4701 | D:5      | Reached skill level 5 in Short Blades
  4866 | D:5      | Noticed Prince Ribbit
  4875 | D:5      | Killed Prince Ribbit
  5519 | D:6      | Found a runed translucent door.
  5520 | D:6      | Noticed Crazy Yiuf
  5548 | D:6      | Killed Crazy Yiuf
  5678 | D:6      | Found a staircase to the Ecumenical Temple.
  5680 | D:6      | Noticed Grinder
  5697 | D:6      | Killed Grinder
  5698 | D:6      | Reached skill level 6 in Short Blades
  5698 | D:6      | Reached skill level 1 in Stealth
  5698 | D:6      | Reached XP level 8. HP: 49/60 MP: 5/8
  5747 | D:6      | Reached skill level 1 in Staves
  5865 | D:6      | HP: 2/58 [gnoll/+0 spear[a gnoll bouda] (5)]
  5866 | D:6      | Slain by a gnoll

Illustrated notes

Levels and vault maps discovered:
D:1:      ldierk_walled_garden_2, layout_loops_cross, minmay_tromino_v4_c
D:2:      layout_loops_ring, uniq_jessica
D:3:      layout_basic, kiku_gazebo_garden_becter, eino_curves_02,
          dk_noncrumbling_2
D:4:      layout_basic
D:5:      layout_loops_corners, makhleb_blood_cavern_becter,
          kennysheep_little_box, kennysheep_doodads, uniq_prince_ribbit1
D:6:      layout_cave_pools, minmay_temple_entry_purple_smoke,
          grunt_ministairs_13, uniq_crazy_yiuf_cottage, uniq_grinder

Skill      XL: |  1  2  3  4  5  6  7  8 |
---------------+-------------------------+-----
Short Blades   | 3 4 6 |  6.2
Dodging        | 3 4 |  4.1
Throwing       | 2 |  2.0
Armour         | 1 2 3 4 |  4.9
Fighting       | 3 4 |  4.5
Stealth        | 1 |  1.2
Staves         | 1 |  1.6
Necromancy     | |  0.2

Action                     |  1- 3 |  4- 6 |  7- 9 || total
---------------------------+-------+-------+-------++-------
  Melee: Rapier            |    97 |   141 |       ||   238
         Punch             |       |     2 |     2 ||     4
         Dagger            |       |    91 |    45 ||   136
         Quarterstaff      |       |       |    34 ||    34
 Invoke: Unearth Wretches  |       |       |     2 ||     2
    Use: Potion            |     3 |     7 |     9 ||    19
         Scroll            |       |     6 |     4 ||    10
   Stab: Paralysed         |       |       |     1 ||     1
 Armour: Leather armour    |    14 |       |       ||    14
         Ring mail         |     6 |     8 |       ||    14
         Scale mail        |       |    69 |    25 ||    94
  Dodge: Dodged            |    64 |   103 |    52 ||   219
